 Dungeon Crawl Stone Soup version 0.24-b1-44-g37ad8b309f (webtiles) character file.

Game seed: 11279079581998629145, levelgen mode: deterministic

74 Fistmachine the Magician (level 4, -10/32 HPs)
             Began as a Gnoll Wizard on Oct 24, 2019.
             Shot with an arrow by a centaur (13 damage)
             ... on level 2 of the Dungeon.
             The game lasted 00:05:27 (1525 turns).

Fistmachine the Magician (Gnoll Wizard)             Turns: 1525, Time: 00:05:27

Health: -10/32     AC:  2    Str: 11    XL:     4   Next: 30%
Magic:  2/13       EV: 13    Int: 20    God:
Gold:   50         SH:  4    Dex: 13    Spells: 14/17 levels left

rFire    . . .     SeeInvis .   i - +0 short sword
rCold    . . .     Gourm    .   j - +0 buckler
rNeg     . . .     Faith    .   a - +0 robe
rPois    .         Spirit   .   b - +0 hat
rElec    .         Reflect  .   (no cloak)
rCorr    .         Harm     .   (no gloves)
MR       .....                  (no boots)
Stlth    +++.......             (no amulet)
HPRegen  0.10/turn              (no ring)
MPRegen  0.13/turn              (no ring)

@: very slightly contaminated
A: distributed training, fangs 1, strong nose
a: no special abilities


You were on level 2 of the Dungeon.
You were not hungry.

You visited 1 branch of the dungeon, and saw 2 of its levels.

You collected 50 gold pieces.

Inventory:

Hand Weapons
 i - a +0 short sword (weapon)
Armour
 a - a +0 robe (worn)
 b - a +0 hat (worn)
 j - a +0 buckler (worn)
Jewellery
 e - an uncursed ring of flight {unknown}
Scrolls
 g - 6 scrolls of identify {unknown}
 l - 2 scrolls of enchant armour {unknown}
 n - a scroll of enchant weapon {unknown}
Potions
 c - 4 potions of curing
 f - a potion of haste {unknown}
 h - a potion of magic {unknown}
 k - a potion of flight {unknown}
Comestibles
 d - 4 rations


   Skills:
 + Level 1.0 Fighting
 + Level 1.0 Short Blades
 + Level 1.0 Long Blades
 + Level 1.0 Axes
 + Level 1.0 Maces & Flails
 + Level 1.0 Polearms
 + Level 1.0 Staves
 + Level 1.0 Slings
 + Level 1.0 Bows
 + Level 1.0 Crossbows
 + Level 1.0 Throwing
 + Level 1.0 Armour
 + Level 4.6 Dodging
 + Level 4.2 Stealth
 + Level 1.0 Shields
 + Level 1.0 Unarmed Combat
 + Level 7.2 Spellcasting
 + Level 2.2 Conjurations
 + Level 0.8 Hexes
 + Level 0.8 Charms
 + Level 2.2 Summonings
 + Level 0.8 Necromancy
 + Level 2.2 Translocations
 + Level 0.8 Transmutations
 + Level 0.8 Fire Magic
 + Level 0.8 Ice Magic
 + Level 0.8 Air Magic
 + Level 0.8 Earth Magic
 + Level 0.8 Poison Magic
 + Level 1.1 Invocations
 + Level 1.0 Evocations


You had 14 spell levels left.
You knew the following spells:

 Your Spells              Type           Power        Failure   Level  Hunger
a - Magic Dart            Conj           ###.         5%          1    None
b - Call Imp              Summ           ###.....     9%          2    None

Your spell library contained the following spells:

 Spells                   Type           Power        Failure   Level  Hunger
 Blink                    Tloc           N/A          9%          2    None
 Slow                     Hex            ##......     14%         2    None
 Conjure Flame            Conj/Fire      ##......     22%         3    #......
 Mephitic Cloud           Conj/Pois/Air  ##......     24%         3    #......


Dungeon Overview and Level Annotations

Branches:
Dungeon (2/15)

Altars:
Vehumet

Annotations:
D:1 exclusion: downstairs


Innate Abilities, Weirdness & Mutations

Your experience applies equally to all skills.
You have very sharp teeth.
Your uncanny sense of smell can sniff out nearby items.


Message History

You hit the centaur.
The centaur is severely wounded.
The centaur unwields a +0 shortbow.
The centaur wields a +0 club.
The centaur barely misses you.
Your crimson imp barely misses the centaur.
The centaur hits you with a +0 club.
You barely miss the centaur.
The centaur is severely wounded.
The centaur barely misses you.
Your crimson imp barely misses the centaur.
Casting: Call Imp (safe; 9% risk of failure)
Confirm with . or Enter, or press ? or * to list all spells.
A beastly little devil appears in a puff of flame.
The centaur hits you with a +0 club!
* * * LOW HITPOINT WARNING * * *
Your crimson imp blinks!
The centaur closely misses you.
The centaur unwields a +0 club.
The centaur wields a +0 shortbow.
The centaur shoots an arrow.
The arrow hits you!
You die...

#### ######### #...
#.......# #... #.......#
#... #.......# ####...
#......<#
.......#########.......####
.......(c(@5.(.†...........
........########.......####
.....#..# #.......#... ####
#..# #####.#..... #.$#
#.#.#... #g.# #.#.#... ...#
#.#.# ## .... #.#


You could see a centaur and a friendly crimson imp.

Vanquished Creatures
  2 dart slugs (D:1)
  A ball python (D:1)
  4 bats
  A giant cockroach (D:2)
  5 goblins
  7 hobgoblins
  4 jackals (D:1)
  4 kobolds (D:1)
  A quokka (D:2)
  6 frilled lizards
  6 rats (D:1)
41 creatures vanquished.

Vanquished Creatures (collateral kills)
  3 adders (D:2)
  2 worms (D:2)
  A dart slug (D:2)
  2 goblins
  A hobgoblin (D:2)
  2 quokkas (D:2)
  3 frilled lizards
  A kobold (D:1)
  A rat (D:2)
16 creatures vanquished.

Grand Total: 57 creatures vanquished

Notes
Turn   | Place    | Note
-------+----------+-------------------------------------------
     0 | D:1      | Fistmachine the Gnoll Wizard began the quest for the Orb.
     0 | D:1      | Reached XP level 1. HP: 13/13 MP: 8/8
   126 | D:1      | Reached XP level 2. HP: 19/19 MP: 8/10
   372 | D:1      | Reached XP level 3. HP: 25/25 MP: 9/11
   586 | D:1      | Learned a level 2 spell: Call Imp
   702 | D:1      | Reached skill level 1 in Invocations
   930 | D:2      | Noticed a centaur
  1181 | D:2      | Reached skill level 1 in Fighting
  1181 | D:2      | Reached skill level 1 in Short Blades
  1181 | D:2      | Reached skill level 1 in Long Blades
  1181 | D:2      | Reached skill level 1 in Axes
  1181 | D:2      | Reached skill level 1 in Maces & Flails
  1181 | D:2      | Reached skill level 1 in Polearms
  1181 | D:2      | Reached skill level 1 in Staves
  1181 | D:2      | Reached skill level 1 in Slings
  1181 | D:2      | Reached skill level 1 in Bows
  1181 | D:2      | Reached skill level 1 in Crossbows
  1181 | D:2      | Reached skill level 1 in Throwing
  1181 | D:2      | Reached skill level 1 in Armour
  1181 | D:2      | Reached skill level 1 in Shields
  1181 | D:2      | Reached skill level 1 in Unarmed Combat
  1181 | D:2      | Reached skill level 1 in Evocations
  1183 | D:2      | Found a radiant altar of Vehumet.
  1224 | D:2      | Reached XP level 4. HP: 29/32 MP: 11/13
  1525 | D:2      | Shot with an arrow by a centaur

Skill      XL: |  1  2  3 |
---------------+----------+-----
Conjurations   | 2 |  2.2
Summonings     | 2 |  2.2
Translocations | 2 |  2.2
Invocations    | 1 |  1.1
Fighting       | 1 |  1.0
Short Blades   | 1 |  1.0
Long Blades    | 1 |  1.0
Axes           | 1 |  1.0
Maces & Flails | 1 |  1.0
Polearms       | 1 |  1.0
Staves         | 1 |  1.0
Slings         | 1 |  1.0
Bows           | 1 |  1.0
Crossbows      | 1 |  1.0
Throwing       | 1 |  1.0
Armour         | 1 |  1.0
Shields        | 1 |  1.0
Unarmed Combat | 1 |  1.0
Evocations     | 1 |  1.0
Dodging        | |  4.6
Stealth        | |  4.2
Spellcasting   | |  7.2
Hexes          | |  0.8
Charms         | |  0.8
Necromancy     | |  0.8
Transmutations | |  0.8
Fire Magic     | |  0.8
Ice Magic      | |  0.8
Air Magic      | |  0.8
Earth Magic    | |  0.8
Poison Magic   | |  0.8

Action                   |  1- 3 |  4- 6 || total
-------------------------+-------+-------++-------
Melee: Short sword       |    27 |    27 ||    54
       Bite              |       |     6 ||     6
 Cast: Magic Dart        |    52 |     3 ||    55
       Call Imp          |    12 |    11 ||    23
  Use: Potion            |     1 |       ||     1
 Stab: Sleeping          |     2 |       ||     2
       Distracted        |     1 |       ||     1
  Eat: Chunk             |       |     2 ||     2
Armor: Robe              |     4 |     6 ||    10
Dodge: Dodged            |    23 |    26 ||    49
Block: Buckler           |     4 |     6 ||    10
